 Dungeon Crawl Stone Soup version 0.22.0 (webtiles) character file.

478 phizon the Shooter (level 6, -4/50 HPs)
             Began as a Centaur Hunter on Aug 11, 2018.
             Was an Initiate of Yredelemnul.
             Slain by Menkaure (14 damage)
             ... on level 4 of the Dungeon.
             The game lasted 01:06:12 (4969 turns).

phizon the Shooter (Centaur Hunter)                 Turns: 4969, Time: 01:06:12

Health: -4/50      AC: 12    Str: 15    XL:     6   Next: 85%
Magic:  6/6        EV:  8    Int: 10    God:    Yredelemnul [......]
Gold:   214        SH:  0    Dex: 11    Spells: 5/5 levels left

rFire    . . .     SeeInvis +   a - +1 spear
rCold    + . .     Gourm    .   (no shield)
rNeg     . . .     Faith    .   L - +3 scale mail {rC+}
rPois    .         Spirit   .   A - +1 helmet
rElec    .         Reflect  .   (no cloak)
rCorr    .         Harm     .   y - +0 pair of gloves
MR       .....                  (no barding)
Stlth    ..........             (no amulet)
HPRegen  0.16/turn              G - ring of see invisible
MPRegen  0.10/turn              (no ring)

@: very quick
A: large, hooves 3, deformed body, speed 2, tough skin 3
a: Renounce Religion


You were on level 4 of the Dungeon.
You worshipped Yredelemnul.
Yredelemnul was noncommittal.
You were very hungry.

You visited 1 branch of the dungeon, and saw 4 of its levels.

You collected 214 gold pieces.

Inventory:

Hand Weapons
 a - a +1 spear (weapon)
 b - a +2 shortbow
 c - a +0 giant club
 n - a +0 mace
 v - a +0 hand axe
 B - a +0 hunting sling
 F - a +0 whip
 K - a +0 flail
 T - a +1 dagger of draining
 X - a +0 war axe
Missiles
 d - 43 arrows (quivered)
 j - 157 stones
 q - 2 javelins
 r - 53 sling bullets
Armour
 e - a +0 plate armour
 t - a +0 leather armour
 u - a +0 shield
 y - a +0 pair of gloves (worn)
 A - a +1 helmet (worn)
 L - a +3 scale mail of cold resistance (worn)
 M - a +0 animal skin
Jewellery
 G - a ring of see invisible (left hand)
Wands
 O - a wand of paralysis (2)
Scrolls
 i - a scroll of amnesia {unknown}
 m - 2 scrolls of teleportation
 x - a scroll of enchant weapon
 R - 2 scrolls of remove curse
 S - a scroll of blinking {unknown}
 Y - a scroll of identify
Potions
 o - a potion of lignification
 z - a potion of agility
 D - 4 potions of brilliance
 V - a potion of mutation {unknown}
Comestibles
 I - 4 rations


   Skills:
 + Level 2.6 Fighting
 + Level 3.2 Polearms
 + Level 6.7 Bows
 + Level 2.5 Armour
 + Level 2.1 Dodging
 + Level 0.7 Stealth
 + Level 0.9 Shields


You had 5 spell levels left.
You didn't know any spells.
Your spell library was empty.

Dungeon Overview and Level Annotations

Branches:
Dungeon (4/15)             Temple (0/1) D:4

Altars:
Cheibriados
Uskayaw
Yredelemnul
Zin

Shops:
D:4 =

Annotations:
D:2 Sigmund
D:4 Menkaure


Innate Abilities, Weirdness & Mutations

You have hooves in place of feet.
Armour fits poorly on your strangely shaped body.
You cover ground very quickly.
You have extremely tough skin. (AC +3)


Message History

Press: ? - help, Shift-Dir - straight line, f/p - Menkaure
Aim: Menkaure (severely damaged, fast)
You shoot an arrow. The arrow completely misses Menkaure.
Menkaure shouts, "The curse of the Pharaohs be upon you!"
Found 9 gold pieces.
a - a +1 spear (weapon)
You hit Menkaure but do no damage.
Menkaure is severely damaged.
Menkaure hits you.
You hit Menkaure but do no damage.
Menkaure is severely damaged.
Menkaure hits you!
* * * LOW HITPOINT WARNING * * *
Aiming: Paralyse
Press: ? - help, Shift-Dir - straight line, f/p - Menkaure
Aim: Menkaure (severely damaged, fast, chance to defeat MR: 46%) Menkaure resists with some effort.
Menkaure hits you but does no damage. Menkaure hits you!
You die...
Your body rises from the dead as a mindless zombie.

..# ##.....(....#
..####.......(...#
....##...........#
................!#
....[[...........#
.................#
####...†.........### ##
####.........M..###.#
.## ####......@.....#
..## ###...........#
.).## #.............#
....# #............$.#
.#..####..............##
......................#
.8...####.............#
..#..# ##............#
.##### #...........


You could see Menkaure.

Vanquished Creatures
  An ogre (D:4)
  A hound (D:2)
  An orc priest (D:3)
  An orc wizard (D:3)
  A centaur skeleton (D:4)
  Jessica (D:2)
  Terence (D:2)
  Ijyb (D:3)
  Natasha (thrice) (D:2)
  Robin (D:2)
  A gnoll (D:1)
  2 adders
  2 worms
  3 dart slugs
  4 leopard geckos
  5 orcs (D:3)
  A ball python (D:1)
  3 giant cockroaches
  9 hobgoblins
  A quokka (D:3)
  4 bats
  4 frilled lizards
  13 goblins (D:2)
  9 kobolds
  9 rats
  A spectral orc (D:2)
83 creatures vanquished.

Notes
Turn   | Place    | Note
-------+----------+-------------------------------------------
     0 | D:1      | phizon the Centaur Hunter began the quest for the Orb.
     0 | D:1      | Reached XP level 1. HP: 17/17 MP: 1/1
    10 | D:1      | Reached XP level 2. HP: 24/24 MP: 2/2
    29 | D:1      | Reached skill level 6 in Bows
   883 | D:1      | Reached XP level 3. HP: 18/29 MP: 3/3
  1563 | D:2      | Found a snail-covered altar of Cheibriados.
  1714 | D:2      | Noticed Natasha
  1721 | D:2      | Killed Natasha
  1721 | D:2      | Reached skill level 1 in Polearms
  1760 | D:2      | Noticed Jessica
  1769 | D:2      | Killed Jessica
  1769 | D:2      | Reached XP level 4. HP: 34/36 MP: 4/4
  1880 | D:2      | Reached skill level 1 in Armour
  1898 | D:2      | Found a hide-covered altar of Uskayaw.
  2064 | D:2      | Noticed Terence
  2261 | D:2      | Killed Terence
  2261 | D:2      | Reached XP level 5. HP: 19/41 MP: 5/5
  2427 | D:2      | Noticed Natasha
  2441 | D:2      | Killed Natasha
  2616 | D:2      | Noticed Natasha
  2656 | D:2      | Killed Natasha
  2735 | D:2      | Noticed Robin
  2769 | D:2      | Killed Robin
  2926 | D:2      | Noticed Sigmund
  3205 | D:2      | Found a faded altar of an unknown god.
  3308 | D:2      | Found a basalt altar of Yredelemnul.
  3326 | D:2      | Became a worshipper of Yredelemnul the Dark
  3605 | D:3      | Noticed Ijyb
  3613 | D:3      | Paralysed by Ijyb for 6 turns
  3636 | D:3      | Paralysed by Ijyb for 5 turns
  3653 | D:3      | Killed Ijyb
  3653 | D:3      | Reached XP level 6. HP: 37/48 MP: 6/6
  3995 | D:3      | Found a glowing silver altar of Zin.
  4806 | D:4      | Found a staircase to the Ecumenical Temple.
  4813 | D:4      | Found Lezierch's Jewellery Shop.
  4950 | D:4      | Noticed Menkaure
  4969 | D:4      | Slain by Menkaure

Skill      XL: |  1  2  3  4  5  6 |
---------------+-------------------+-----
Bows           | 6 |  6.7
Polearms       | 1 2 3 |  3.2
Armour         | 1 2 |  2.5
Dodging        | 2 |  2.1
Fighting       | |  2.6
Stealth        | |  0.7
Shields        | |  0.9

Action                   |  1- 3 |  4- 6 || total
-------------------------+-------+-------++-------
Melee: Spear             |    82 |   260 ||   342
       Kick              |    20 |    48 ||    68
 Fire: Shortbow          |     2 |    38 ||    40
Throw: Stone             |     4 |       ||     4
Evoke: Wand              |       |     1 ||     1
  Use: Scroll            |       |     8 ||     8
       Potion            |       |     3 ||     3
  Eat: Ration            |     1 |     1 ||     2
       Chunk             |       |     2 ||     2
Armor: Leather armour    |    24 |    15 ||    39
       Scale mail        |       |   118 ||   118
       Skin              |       |    16 ||    16
Dodge: Dodged            |    27 |    48 ||    75
Block: Shield            |     2 |    80 ||    82
